Map: Planta ácida EJ

Players

VortiX

  • Race: Zerg Zerg
  • Spawn Location: 5:00

Stephano - Winner!

  • Race: Zerg Zerg
  • Spawn Location: 11:00

Event: WCS Valencia 2018

VOD

Have the link to the VOD?

Description

Time

  • Played on: July 12, 2018, 7:30 a.m.
  • Length: 8:38

All games in this series

Show
View Real Time Build Order
Export as new Build Order

VortiX Zerg 

Build Orders: Hatch First 

Get SALT Encoding   

  12  0:00  Drone  
  13  0:12  Overlord  
  13  0:17  Drone  
  14  0:30  Drone  
  14  0:31  Drone  
  16  0:47  Hatchery  
  15  0:51  Drone  
  15  0:54  Drone  
  17  1:05  Extractor  
  17  1:10  Spawning Pool  
  15  1:13  Drone  
  15  1:17  Drone  
  17  1:20  Drone  
  18  1:28  Drone  
  19  1:39  Drone  
  20  1:49  Overlord  
  20  1:57  Queen  
  20  1:59  Queen  
  20  2:00  Drone  
  20  2:01  Drone  
  26  2:10  Drone  
  26  2:11  Drone  
  28  2:21  Drone  
  29  2:23  Drone  
  30  2:31  Zergling x2  
  30  2:35  Queen  
  30  2:36  Drone  
  34  2:38  Lair  
  34  2:43  Overlord  
  34  2:45  Drone  
  35  2:56  Drone  
  36  3:03  Drone  
  36  3:04  Roach Warren, Evolution Chamber, Drone  
  36  3:06  Drone x2  
  36  3:07  Drone  
  36  3:09  Drone  
  36  3:10  Drone  
  41  3:15  Overlord  
  41  3:17  Drone  
  42  3:22  Extractor  
  42  3:23  Extractor  
  42  3:25  Evolution Chamber, Drone  
  40  3:27  Drone  
  40  3:32  Zerg Missile Weapons Level 1  
  41  3:38  Drone x3  
  41  3:39  Drone  
  45  3:46  Overlord  
  45  3:47  Drone x2  
  45  3:48  Drone  
  48  3:53  Glial Reconstitution  
  48  3:57  Drone  
  48  3:58  Overlord  
  48  4:07  Roach x2  
  49  4:25  Roach  
  49  4:26  Roach x2  
  54  4:36  Roach  
  55  4:42  Roach x2  
  55  4:44  Roach  
  61  4:46  Hatchery  
  61  4:47  Roach  
  62  4:53  Overlord  
  62  4:58  Drone x2  
  64  5:00  Drone  
  64  5:03  Drone x2  
  67  5:10  Overlord, Zerg Ground Armor Level 1  
  67  5:13  Drone  
  68  5:20  Drone x3  
  68  5:21  Drone  
  72  5:25  Overlord  
  72  5:32  Zerg Missile Weapons Level 2  
  72  5:34  Overlord  
  72  5:42  Roach x4  
  74  5:54  Roach  
  74  5:55  Roach x4  
  80  6:00  Ravager x2  
  80  6:01  Roach x2  
  80  6:04  Overlord  
  86  6:06  Roach  
  86  6:09  Roach  
  90  6:12  Roach  
  90  6:14  Drone x2  
  94  6:18  Roach  
  94  6:19  Roach  
  94  6:22  Overlord  
  98  6:28  Drone  
  98  6:29  Drone  
  98  6:31  Drone x2  
  98  6:32  Drone x2  
  104  6:36  Overlord x2  
  104  6:40  Ravager x2  
  104  6:42  Roach x2  
  104  6:43  Drone  
  104  6:46  Roach  
  113  6:48  Overlord  
  113  6:50  Roach  
  115  6:54  Roach  
  115  6:55  Roach  
  115  6:58  Roach  
  121  7:02  Roach  
  121  7:06  Roach x2  
  125  7:10  Roach  
  125  7:11  Drone x3  
  125  7:13  Extractor  
  125  7:14  Drone x3  
  132  7:22  Roach  
  134  7:23  Roach x2  
  134  7:29  Roach x3, Hatchery  
  143  7:31  Overlord  
  143  7:32  Overlord  
  143  7:35  Overlord  
  143  7:40  Overlord  
  143  7:44  Overlord  
  143  7:47  Overlord  
  143  7:53  Roach x5  
  143  7:54  Roach  
  155  8:06  Roach x4  
  155  8:07  Roach x2  
Show
View Real Time Build Order
Export as new Build Order

Stephano Zerg - Winner!

Build Orders: Hatch First 

Get SALT Encoding   

  12  0:00  Drone  
  13  0:13  Overlord  
  13  0:17  Drone  
  14  0:31  Drone x2  
  16  0:48  Hatchery  
  15  0:52  Drone  
  15  0:55  Drone  
  17  0:58  Drone  
  18  1:10  Extractor  
  17  1:14  Spawning Pool  
  17  1:17  Drone  
  17  1:20  Drone  
  18  1:28  Drone  
  19  1:39  Drone  
  20  1:52  Drone  
  21  2:00  Queen x2  
  25  2:01  Zergling x2  
  25  2:02  Overlord  
  26  2:12  Metabolic Boost, Drone x2  
  28  2:23  Drone  
  28  2:24  Drone  
  30  2:34  Hatchery  
  29  2:40  Queen  
  31  2:45  Drone  
  31  2:49  Overlord  
  33  2:51  Drone  
  32  3:03  Drone x3  
  35  3:10  Evolution Chamber  
  35  3:11  Drone  
  35  3:12  Zergling x8  
  39  3:13  Zergling x2  
  39  3:16  Zergling x2  
  39  3:19  Zergling x2  
  42  3:23  Overlord  
  42  3:24  Drone  
  43  3:35  Drone  
  43  3:37  Zerg Missile Weapons Level 1  
  44  3:42  Drone x4  
  44  3:46  Drone  
  49  3:48  Drone x3  
  49  3:51  Extractor  
  51  3:55  Drone x3  
  53  4:04  Drone x2  
  53  4:09  Roach Warren  
  52  4:10  Lair  
  52  4:15  Drone x2  
  53  4:18  Extractor  
  53  4:21  Overlord, Drone x3  
  54  4:26  Overlord  
  53  4:35  Overlord x2  
  52  4:49  Drone x3  
  52  4:50  Roach x7  
  69  4:57  Overlord  
  69  4:58  Drone  
  69  4:59  Roach x2, Drone  
  75  5:06  Extractor  
  74  5:09  Overseer  
  74  5:10  Roach x4  
  82  5:16  Glial Reconstitution  
  82  5:19  Roach  
  84  5:22  Roach  
  84  5:25  Roach  
  88  5:33  Roach x2  
  91  5:43  Drone x7  
  96  5:52  Zerg Missile Weapons Level 2  
  96  5:55  Overlord x2, Drone x2  
  96  5:56  Extractor  
  97  5:59  Drone  
  97  6:02  Overlord  
  98  6:13  Drone  
  98  6:14  Drone x2  
  98  6:15  Drone x2  
  98  6:16  Drone x2  
  105  6:19  Overlord  
  105  6:23  Roach x4  
  113  6:29  Roach x4  
  121  6:32  Overlord  
  121  6:33  Overlord x3  
  121  6:41  Overlord  
  121  6:45  Overlord  
  121  6:49  Overlord  
  121  6:56  Roach x7  
  121  6:59  Ravager x5  
  121  7:00  Ravager  
  141  7:07  Roach, Hatchery  
  141  7:08  Roach x4  
  150  7:12  Overlord  
  150  7:14  Roach x2  
  154  7:18  Roach x3  
  154  7:20  Roach  
  162  7:25  Roach x2  
  162  7:29  Roach  
  168  7:33  Ravager  
  168  7:34  Roach  
  168  7:35  Roach  
  173  7:38  Roach x2  
  177  7:46  Roach x4  
  177  7:48  Overlord  
  185  7:54  Overlord  
  183  8:14  Roach  
  183  8:15  Roach x8  
Tags
 
Add a new tag
Caveats
  • Supply blocks, unpowered buildings, or Contaminate may cause inaccurate times.
  • Supply counts are checked every 10 seconds.